Map: Hecate LE

Players

Muw - Winner!

  • Race: Protoss Protoss
  • Spawn Location: 7:00

SubN

  • Race: Zerg Zerg
  • League: Diamond
  • Spawn Location: 1:00

VOD

Have the link to the VOD?

Description

Time

  • Played on: Nov. 22, 2023, 7:29 p.m.
  • Length: 6:44
Show
View Real Time Build Order
Export as new Build Order

Muw Protoss - Winner!

Build Orders: 1 Gate Expand 

Get SALT Encoding   

  12  0:00  Probe  
  13  0:12  Probe  
  14  0:19  Pylon  
  14  0:24  Probe  
  15  0:37  Probe (Chrono Boost)  
  15  0:38  Gateway  
  16  0:49  Probe (Chrono Boost)  
  17  0:50  Assimilator  
  17  0:57  Pylon  
  17  0:59  Probe (Chrono Boost)  
  18  1:11  Probe  
  19  1:23  Probe  
  20  1:37  Nexus  
  20  1:45  Cybernetics Core  
  20  1:50  Probe  
  20  1:53  Pylon  
  21  2:02  Probe  
  22  2:11  Gateway, Zealot (Chrono Boost)  
  24  2:16  Probe  
  25  2:23  Assimilator  
  25  2:25  Warp Gate (Chrono Boost)  
  25  2:28  Probe  
  26  2:35  Adept (Chrono Boost)  
  28  2:40  Probe  
  29  2:51  Twilight Council  
  29  2:52  Probe  
  30  2:59  Probe  
  30  3:00  Adept (Chrono Boost)  
  35  3:07  Probe  
  35  3:11  Probe, Adept (Chrono Boost)  
  37  3:20  Robotics Facility  
  37  3:22  Pylon  
  37  3:32  Pylon  
  37  3:35  Probe  
  37  3:39  Adept x2  
  42  3:42  Probe  
  42  3:46  Resonating Glaives (Chrono Boost)  
  42  3:47  Probe  
  44  4:05  Warp Prism (Chrono Boost)  
  44  4:06  Probe  
  47  4:12  Gateway  
  47  4:18  Gateway  
  47  4:22  Probe  
  48  4:24  Probe  
  49  4:34  Probe  
  49  4:36  Probe  
  51  4:48  Immortal (Chrono Boost)  
  55  5:00  Nexus  
  55  5:05  Pylon  
  55  5:06  Adept  
  57  5:13  Probe x2  
  59  5:25  Probe x2  
  61  5:37  Probe  
  61  5:39  Immortal, Probe  
  62  5:50  Probe, Stalker x2  
  62  5:54  Shield Battery  
  64  5:58  Probe  
  64  6:01  Assimilator  
  64  6:02  Assimilator  
  65  6:10  Pylon x2  
  65  6:12  Probe  
  65  6:16  Probe  
  67  6:19  Probe  
  67  6:23  Gateway  
  72  6:34  Zealot x3  
  70  6:43  Stalker  
Show
View Real Time Build Order
Export as new Build Order

SubN Zerg 

Build Orders: Pool First 

Get SALT Encoding   

  12  0:00  Drone  
  13  0:12  Overlord  
  13  0:16  Drone  
  14  0:30  Drone x2  
  16  1:02  Drone x2  
  18  1:04  Extractor  
  18  1:08  Drone, Spawning Pool  
  17  1:19  Drone  
  18  1:33  Drone  
  18  1:35  Drone  
  20  1:46  Hatchery  
  19  1:55  Drone  
  19  2:00  Roach Warren  
  19  2:01  Drone  
  19  2:03  Queen  
  22  2:10  Overlord  
  22  2:25  Overlord  
  22  2:29  Drone  
  23  2:42  Queen  
  23  2:44  Drone  
  26  2:50  Drone  
  28  2:58  Drone  
  28  3:00  Drone, Queen  
  31  3:09  Drone  
  32  3:25  Drone x4  
  36  3:29  Lair  
  36  3:40  Roach x2  
  40  3:44  Drone  
  40  3:48  Hatchery  
  40  3:56  Drone x4  
  43  4:07  Drone x2  
  44  4:11  Extractor  
  44  4:14  Overlord, Extractor  
  44  4:15  Overlord  
  42  4:17  Overlord  
  42  4:27  Drone x2  
  42  4:28  Evolution Chamber  
  42  4:29  Evolution Chamber  
  42  4:30  Glial Reconstitution  
  42  4:34  Drone x2  
  42  4:37  Drone  
  45  4:42  Drone x3  
  45  4:44  Drone  
  49  4:49  Drone  
  50  4:53  Drone  
  51  5:04  Queen  
  51  5:05  Overlord  
  53  5:11  Roach x4  
  53  5:12  Roach  
  63  5:15  Zergling x2  
  63  5:17  Roach  
  59  5:42  Roach  
  58  5:43  Roach x9  
  73  5:51  Drone  
  73  5:52  Drone x2  
  76  6:01  Drone x3  
  79  6:06  Drone x2  
  79  6:09  Overlord  
  81  6:17  Drone  
  82  6:19  Overlord  
  82  6:20  Overlord  
Tags
 
Add a new tag
Caveats
  • Supply blocks, unpowered buildings, or Contaminate may cause inaccurate times.
  • Supply counts are checked every 10 seconds.